 Dungeon Crawl Stone Soup version 0.25-a0-829-g4e6a552925 (webtiles) character file.

Game seed: 2820600180418083417, levelgen mode: deterministic

18 tilp the Bolt Thrower (level 2, -2/16 HPs)
             Began as a Kobold Arcane Marksman on Apr 21, 2020.
             Slain by a leopard gecko (3 damage)
             ... on level 1 of the Dungeon.
             The game lasted 00:04:06 (936 turns).

tilp the Bolt Thrower (Kobold Arcane Marksman)       Turns: 936, Time: 00:04:07

Health: -2/16      AC:  2    Str:  7    XL:     2   Next: 85%
Magic:  2/3        EV: 15    Int: 14    God:
Gold:   0          SH:  0    Dex: 15    Spells: 2/3 levels left

rFire    . . .     SeeInvis .   a - +0 hand crossbow
rCold    . . .     Gourm    .   (shield restricted)
rNeg     . . .     Faith    .   e - +0 robe
rPois    .         Spirit   .   (no helmet)
rElec    .         Reflect  .   (no cloak)
rCorr    .         Harm     .   (no gloves)
MR       .....                  (no boots)
Stlth    +.........             (no amulet)
HPRegen  0.05/turn              (no ring)
MPRegen  0.08/turn              (no ring)

@: no status effects
A: small, carnivore
a: no special abilities


You were on level 1 of the Dungeon.
You were not hungry.

You visited 1 branch of the dungeon, and saw 1 of its levels.

Inventory:

Hand Weapons
 a - a +0 hand crossbow (weapon)
 b - a +0 dagger
Missiles
 d - 14 bolts (quivered)
 g - 17 poisoned darts
Armour
 e - a +0 robe (worn)
Scrolls
 f - a scroll of immolation {unknown}
 h - a scroll of enchant armour {unknown}
Comestibles
 c - a ration


   Skills:
 - Level 1.1 Fighting
 + Level 3.9 Crossbows
 - Level 2.4 Dodging
 - Level 1.1 Spellcasting
 - Level 3.0 Hexes


You had 2 spell levels left.
You knew the following spells:

 Your Spells              Type           Power        Failure   Level  Hunger
a - Corona                Hex            #......      8%          1    ##.....

Your spell library contained the following spells:

 Spells                   Type           Power        Failure   Level  Hunger
 Slow                     Hex            #.......     12%         2    ###....
 Inner Flame              Hex/Fire       #.......     38%         3    ####...
 Portal Projectile        Hex/Tloc       #.....       38%         3    ####...
 Cause Fear               Hex            #.........   58%         4    #####..
 Leda's Liquefaction      Hex/Erth       #.........   80%         4    #####..


Dungeon Overview and Level Annotations

Branches:
Dungeon (1/15)

Altars:

Annotations:
D:1 exclusion: gnoll


Innate Abilities, Weirdness & Mutations

You are small and have problems with some larger weapons.
You are carnivorous and can eat meat at any time.


Message History

The frilled lizard barely misses you.
The leopard gecko bites you but does no damage.
The frilled lizard misses you. The leopard gecko bites you.
* * * LOW HITPOINT WARNING * * *
You see here a rat skeleton.
The rat looks more healthy.
The frilled lizard unfolds its giant frill.
a - a +0 hand crossbow (weapon)
The leopard gecko closely misses you.
Firing (i - inventory. (/) - cycle)
d - 15 bolts (quivered)
Press: ? - help, Shift-Dir - straight line, f/p - rat
Aim: a rat You shoot a bolt.
The bolt completely misses the leopard gecko.
The bolt closely misses the frilled lizard.
The bolt hits the rat but does no damage.
The leopard gecko hisses menacingly.
The leopard gecko bites you.
You die...

#.....'.........<#............
#...###8..8..8...#...........(
####.....#..........#...........$
.....)...#######.#8.#............
############...#'####.......(....
......(........#.##..............
......##...#####.#...............
.####.......# #.# ##............
## ##....#.# #@# ##.....##...[ #
#....#.####l######.#.#######
#.........#l#......#.(...## ..#
#....#.....r(.รท.............
................................#
g.####....######................#
..# ###### #................# ###
#................#
#.............>..#


You could see a leopard gecko, a frilled lizard and a rat.

Vanquished Creatures
  An ooze (D:1)
  A dart slug (D:1)
  A leopard gecko (D:1)
  A bat (D:1)
  A giant cockroach (D:1)
  A goblin (D:1)
  A hobgoblin (D:1)
  A kobold (D:1)
  A frilled lizard (D:1)
  A rat (D:1)
10 creatures vanquished.

Notes
Turn   | Place    | Note
-------+----------+-------------------------------------------
     0 | D:1      | tilp the Kobold Arcane Marksman began the quest for the
                  | Orb.
     0 | D:1      | Reached XP level 1. HP: 12/12 MP: 2/2
   213 | D:1      | Reached XP level 2. HP: 16/16 MP: 3/3
   936 | D:1      | Slain by a leopard gecko

Levels and vault maps discovered:
D:1:      elethiomel_arrival_quiet, layout_rooms, lemuel_old_faithful

Skill      XL: |  1 |
---------------+----+-----
Crossbows      | 3 |  3.9
Fighting       | |  1.1
Dodging        | |  2.4
Spellcasting   | |  1.1
Hexes          | |  3.0

Action                   || total
-------------------------++-------
Melee: Unarmed           ||     2
       Dagger            ||     8
 Fire: Hand crossbow     ||    24
Throw: Dart              ||     2
 Cast: Corona            ||     6
  Eat: Chunk             ||     3
Armor: Robe              ||     2
Dodge: Dodged            ||    14

Table legend:
 A = Non-vault XP
 B = Vault XP
 C = Vault XP percentage of total XP
 D = Non-vault monster count
 E = Vault monster count
 F = Vault count percentage of total count
                 A         B        C        D         E       F
            +---------+---------+-------+---------+---------+-------
      Total |      26 |       0 |   0.0 |      10 |       0 |   0.0
            +---------+---------+-------+---------+---------+-------
        D:1 |      26 |       0 |   0.0 |      10 |       0 |   0.0
            +---------+---------+-------+---------+---------+-------
